Map: Prion Terraces

Players

Plebking - Winner!

  • Race: Terran Terran
  • League: Master

Miszu

  • Race: Terran Terran
  • League: Master

VOD

Have the link to the VOD?

Description

Time

  • Played on: April 6, 2016, 3:22 p.m.
  • Length: 3:13
Show
View Real Time Build Order
Export as new Build Order

Plebking Terran - Winner!

Build Orders:  

Get SALT Encoding   

  12  0:00  SCV  
  13  0:13  SCV  
  14  0:19  Supply Depot  
  14  0:33  Refinery  
  14  0:42  Barracks  
  14  0:56  Barracks  
  14  1:15  Barracks  
  14  1:29  Reaper  
  15  1:32  Refinery  
  15  1:43  Reaper  
  16  2:02  Reaper  
  16  2:05  Reaper  
  16  2:18  Reaper  
  17  2:34  Reaper  
  18  2:39  Reaper  
Show
View Real Time Build Order
Export as new Build Order

Miszu Terran 

Build Orders:  

Get SALT Encoding   

  12  0:01  SCV  
  13  0:13  SCV  
  14  0:17  Supply Depot  
  14  0:25  SCV  
  15  0:34  Refinery  
  15  0:38  SCV  
  16  0:44  Barracks  
  16  0:55  SCV  
  17  1:07  SCV  
  18  1:19  SCV  
  19  1:31  Refinery  
  20  1:33  Orbital Command  
  20  1:34  Marine  
  20  1:36  Factory  
  20  1:47  Bunker  
  20  1:52  Marine  
  21  1:59  SCV  
  22  2:12  SCV  
  23  2:18  Marine  
  23  2:29  Hellion  
  23  2:34  SCV  
  23  2:37  Reaper  
  22  2:50  Hellion  
Tags
 
Add a new tag
Caveats
  • Supply blocks, unpowered buildings, or Contaminate may cause inaccurate times.
  • Supply counts are checked every 10 seconds.